 Dungeon Crawl Stone Soup version 0.29.1-15-g9cfb28693d (webtiles) character file.

Game seed: 5498384894440310624

44 GeoRichter the Chopper (level 3, 0/33 HPs)
             Began as a Hill Orc Monk on Mar 24, 2023.
             Slain by a gnoll
             ... wielding a +0 club
              (7 damage)
             ... on level 2 of the Dungeon.
             The game lasted 00:02:31 (2428 turns).

GeoRichter the Chopper (Hill Orc Monk)              Turns: 2428, Time: 00:02:31

Health: 0/33       AC:  2    Str: 15    XL:     3   Next: 62%
Magic:  3/3        EV: 12    Int: 10    God:
Gold:   101        SH:  0    Dex: 13    Spells: 2/2 levels left

rFire   . . .      SeeInvis .   a - +0 hand axe
rCold   . . .      Faith    .   (no shield)
rNeg    . . .      Spirit   .   b - +0 robe
rPois   .          Reflect  .   (no helmet)
rElec   .          Harm     .   (no cloak)
rCorr   .          Rampage  .   (no gloves)
Will    .....                   (no boots)
Stlth   ++........              (no amulet)
HPRegen 0.11/turn               (no ring)
MPRegen 0.08/turn               (no ring)

@: no status effects
A: no striking features
a: no special abilities


You were on level 2 of the Dungeon.
You visited 1 branch of the dungeon, and saw 3 of its levels.

You collected 101 gold pieces.

Inventory:

Hand Weapons
 a - a +0 hand axe (weapon)
Missiles
 k - 7 stones (quivered)
Armour
 b - a +0 robe (worn)
Scrolls
 d - a scroll of torment {!r}
 f - a scroll of teleportation {unknown}
 j - a scroll of blinking {unknown}
 l - a scroll of enchant weapon {unknown}
 m - a scroll of fear {unknown}
Potions
 c - a potion of ambrosia
 e - a potion of attraction {!q}
 g - a potion of might {unknown}
 h - 2 potions of lignification {!q}
 i - 3 potions of haste {@q3}


   Skills:
 + Level 4.3 Fighting
 * Level 5.4 Axes
 - Level 2.4 Dodging
 - Level 1.5 Stealth


You had 2 spell levels left.
You didn't know any spells.
Your spell library was empty.

Dungeon Overview and Level Annotations

Branches:
Dungeon (3/15) Zot: 15563

Altars:


Message History

The kobold throws a stone.
The stone hits you but does no damage.
The kobold throws a stone.
The stone barely misses you.
The kobold hits you with a +0 short sword.
You hit the kobold.
The kobold hits you with a +0 short sword.
You slash the kobold!
You kill the kobold!
No target in view!
k - 7 stones (gained 1)
Things that are here:
a +0 short sword; a kobold corpse You now have 101 gold pieces (gained 10).
Done exploring.
Done exploring.
Done exploring.
Done exploring.
Done exploring.
No target in view!
Done exploring.
Done exploring.
Done exploring.
Done exploring.
There is a stone staircase leading down here.
Search for what [Enter for "armor", or ? for help]? armor You climb downwards.
There is a stone staircase leading up here.
Found a leather armour.
Found a fizzy red potion. 2 gnolls come into view.
Found 11 gold pieces.
The gnoll shouts!
You hear a shout!
A gnoll comes into view. It is wielding a +0 club.
You hit the gnoll. The gnoll barely misses you.
You hit the gnoll but do no damage. The gnoll hits you with a +0 club.
You hit the gnoll. The gnoll hits you with a +0 club!
You closely miss the gnoll.
The gnoll shouts!
The gnoll hits you with a +0 club!
* * * LOW HITPOINT WARNING * * *
The gnoll attacks as you move away! The gnoll hits you with a +0 club.
* * * LOW HITPOINT WARNING * * *
There is a stone staircase leading up here.
The gnoll barely misses you.
You climb upwards.
There is a stone staircase leading down here.
You hit the gnoll but do no damage. The gnoll hits you with a +0 club.
* * * LOW HITPOINT WARNING * * *
You closely miss the gnoll. The gnoll completely misses you.
You closely miss the gnoll. The gnoll hits you with a +0 club!
You die...

#.# #.# #............. #.#
#.# #######..........##.
#.###.###............##..##.
#.##...#..#####......##..##.
#.##.....###..^......##.....
#.##....###..#.......#...#..
#.#.<.......##..........##..
#.........g..........#.###..
#.##.......@...........####.
#.##....#..######...........
#.##..###.## ##...#.####.
#.....#...########..##.# #.
#.......####........#### #.
#..##.###....#####..# #.
#..#......#### #..# #.
#.....##### #..# ##
#.#......# #####.#####


You could see a gnoll.

Vanquished Creatures
  An adder (D:2)
  2 dart slugs (D:1)
  2 endoplasms
  2 giant cockroaches
  2 goblins
  4 hobgoblins (D:1)
  2 kobolds (D:2)
  A quokka (D:1)
  5 ball pythons
  5 bats
  5 frilled lizards
  2 rats
33 creatures vanquished.

Vanquished Creatures (others)
  A fungus (D:1)
  3 plants (D:1)
4 creatures vanquished.

Grand Total: 37 creatures vanquished

Notes
Turn   | Place    | Note
-------+----------+-------------------------------------------
     0 | D:1      | GeoRichter the Hill Orc Monk began the quest for the Orb.
     0 | D:1      | Reached XP level 1. HP: 19/19 MP: 1/1
   580 | D:1      | Reached XP level 2. HP: 26/27 MP: 2/2
  1030 | D:1      | Found a faded altar of an unknown god.
  1036 | D:1      | Reached skill level 5 in Axes
  1075 | D:1      | Reached XP level 3. HP: 29/33 MP: 3/3
  1194 | D:1      | You fall into a shaft and drop 1 floor!
  2428 | D:2      | Slain by a gnoll

Illustrated notes

Levels and vault maps discovered:
D:1:      lemuel_arrival_funnel, layout_loops_ring,
          shapermc_ecumenical_altar_mp_ritualfount
D:2:      layout_rooms
D:3:      layout_loops_ring, marbit_many_paths, lemuel_doored_altar,
          uniq_crazy_yiuf_cottage, uniq_terence

Skill      XL: |  1  2 |
---------------+-------+-----
Fighting       | 4 |  4.3
Axes           | 5 |  5.4
Dodging        | |  2.4
Stealth        | |  1.5

Action                   || total
-------------------------++-------
Melee: Hand axe          ||   109
       Punch             ||     1
  Use: Scroll            ||     4
 Stab: Sleeping          ||     5
Armor: Robe              ||    12
Dodge: Dodged            ||    68
